AoeStats
← Nurdean_

MegaRandom

506239245Analyzed
1v1 RM · 21d ago on Sep 12, 2026· 63m 51s· 2 players
Game mode
Random Map
Map size
Tiny (2 player)
Population
200
Speed
Normal
Resources
Standard
Victory
Conquest
Starting age
Dark Age
Ending age
Imperial Age
RankedLock teamsTeams togetherTeam positionsShared explorationLock speedFull tech treeHidden civsTurbo modeCheats
Victory
Defeat
🇨🇱 Spanish · Chile
995
+15
🇨🇭 Mongols · Switzerland
977
-15
Nurdean_
11:46 Feudal Age
16:14 Castle Age
14:36 Double-Bit Axe
14:34 Horse Collar
20:15 Bow Saw
20:15 Heavy Plow
20:25 Gold Mining
22:17 Loom
26:34 Fletching
28:24 Bodkin Arrow
30:22 Bloodlines
30:28 Town Watch
31:19 Wheelbarrow
31:54 Town Patrol
32:40 Hand Cart
32:48 Ballistics
33:00 Masonry
34:41 Gold Shaft Mining
35:15 Thumb Ring
35:15 Husbandry
35:17 Padded Archer Armor
38:30 Imperial Age
38:41 Elite Mangudai
40:05 Conscription
41:54 Bracer
42:58 Chemistry
42:18 Leather Archer Armor
42:31 Parthian Tactics
42:21 Stone Mining
42:02 Heavy Camel Rider
42:54 Scale Barding Armor
42:59 Forging
44:41 Hoardings
44:22 Fortified Wall
47:22 Light Cavalry
54:13 Chain Barding Armor
54:28 Iron Casting
55:57 Iron Casting
55:28 Hussar
58:37 Iron Casting
59:41 Murder Holes
62:29 Blast Furnace
sdenecken
10:43 Loom
12:32 Feudal Age
14:18 Double-Bit Axe
18:07 Castle Age
16:19 Stone Mining
16:22 Gold Mining
16:17 Horse Collar
17:48 Scale Barding Armor
17:34 Fletching
18:37 Bloodlines
18:59 Husbandry
22:26 Horse Collar
29:37 Bow Saw
29:33 Heavy Plow
30:26 Chain Barding Armor
31:32 Wheelbarrow
30:45 Town Watch
31:30 Ballistics
31:06 Murder Holes
34:52 Imperial Age
33:42 Stone Shaft Mining
33:46 Masonry
33:53 Forging
33:38 Bodkin Arrow
34:15 Hand Cart
35:34 Iron Casting
35:14 Cavalier
38:32 Plate Barding Armor
38:58 Blast Furnace
37:58 Bracer
42:26 Chemistry
41:57 Architecture
41:39 Fortified Wall
42:02 Paladin
44:16 Scale Mail Armor
50:41 Chain Mail Armor
52:01 Two-Man Saw
58:02 Light Cavalry
60:20 Pikeman
61:01 Squires
60:46 Arson
62:24 Halberdier
Connection lost

Rejoining the realm…

Still unreachable

The connection could not be restored.

Session expired

The server has moved on; the page needs a fresh start.